 Dungeon Crawl Stone Soup version 0.31-a0-133-gaae73658be (webtiles) character file.

Game seed: 3170173095531628578

63 mopl the Covered (level 3, -1/33 HPs)
             Began as an Armataur Fighter on June 2, 2023.
             Slain by Sigmund
             ... wielding a +2 scythe of protection
              (9 damage)
             ... on level 2 of the Dungeon.
             The game lasted 00:01:43 (958 turns).

mopl the Covered (Armataur Fighter)                  Turns: 958, Time: 00:01:43

Health: -1/33      AC:  7    Str: 21    XL:     3   Next: 89%
Magic:  3/3        EV:  7    Int: 14    God:
Gold:   70         SH:  4    Dex: 11    Spells: 2/2 levels left

rFire   . . .        a - +0 flail
rCold   . . .        c - +0 buckler
rNeg    . . .        b - +0 scale mail
rPois   .            (no helmet)
rElec   .            (no cloak)
rCorr   .            (no gloves)
SInv    .            (no barding)
Will    .....        m - amulet of regeneration Stlth
                     n - +6 ring of intelligence
HPRegen 1.05/turn    (no ring)
MPRegen 0.08/turn

%: roll
@: mighty
A: large, rugged brown scales 3, deformed body, armoured tail, roll, long
tongue, awkward tongue
a: no special abilities


You were on level 2 of the Dungeon.
You visited 1 branch of the dungeon, and saw 2 of its levels.

You collected 70 gold pieces.

Inventory:

Hand Weapons
 a - a +0 flail (weapon)
Missiles
 k - 3 atropa-tipped darts (quivered)
Armour
 b - a +0 scale mail (worn)
 c - a +0 buckler (worn)
Jewellery
 m - an amulet of regeneration (around neck)
 n - a +6 ring of intelligence (left hand)
Scrolls
 e - 2 scrolls of identify {unknown}
 f - a scroll of torment {unknown}
 i - a scroll of teleportation {unknown}
 j - a scroll of amnesia {unknown}
 l - a scroll of vulnerability {unknown}
Potions
 g - a potion of lignification {unknown}
 h - a potion of invisibility {unknown}


   Skills:
 + Level 3.0 Fighting
 * Level 2.7 Maces & Flails
 + Level 0.2 Throwing
 + Level 4.2 Armour
 + Level 0.9 Dodging
 - Level 3.2 Shields


You had 2 spell levels left.
You didn't know any spells.
Your spell library was empty.

Dungeon Overview and Level Annotations

Branches:
Dungeon (2/15)

Altars:

Annotations:
D:2 Sigmund


Innate Abilities, Weirdness & Mutations

You are completely covered in rugged brown scales. (AC +3, +7% HP)
Armour fits poorly on your strangely shaped body.
You have a long armoured tail.
You roll when moving toward enemies. (Rampage)
Your long tongue fully drains potion bottles. (2x potion effects)
Your tongue gives you trouble enunciating. (1.5x scroll delay)


Message History

Sigmund is lightly wounded.
You block Sigmund's attack.
You closely miss Sigmund.
Sigmund is lightly wounded.
You block Sigmund's attack.
You hit Sigmund but do no damage.
Sigmund is lightly wounded.
Sigmund barely misses you.
You hit Sigmund but do no damage.
You tail-slap Sigmund, but do no damage.
Sigmund is lightly wounded.
Sigmund hits you with a +2 scythe of protection.
You completely miss Sigmund.
Sigmund is lightly wounded.
Sigmund hits you with a +2 scythe of protection!
You hit Sigmund but do no damage.
Your tail-slap misses Sigmund.
Sigmund is lightly wounded.
Sigmund hits you with a +2 scythe of protection.
You barely miss Sigmund.
Sigmund is lightly wounded.
Sigmund hits you with a +2 scythe of protection.
You closely miss Sigmund.
Your tail-slap misses Sigmund.
Sigmund is lightly wounded.
Sigmund hits you with a +2 scythe of protection!
You are too injured to fight recklessly!
You are too injured to fight recklessly!
You closely miss Sigmund.
Sigmund is lightly wounded.
You hit Sigmund but do no damage.
Sigmund is lightly wounded.
Sigmund hits you with a +2 scythe of protection.
Okay, then.
You feel very mighty all of a sudden.
You slurp down every last drop of the potion of might!
Sigmund hits you with a +2 scythe of protection!
* * * LOW HITPOINT WARNING * * *
You hit Sigmund.
Sigmund is heavily wounded.
Sigmund hits you with a +2 scythe of protection!
You die...

##.#.# #)#.....................
...#.#####...†....##############.
##.................# #.
#.#.#####........## #. #.#.#
#.#.....## #. #.#.# #.##...##
############. ..#.# ..###.##
#........†... ###.#
#####...#####.########### #.#
#.....@...#.# #.# #.#..@###.#.#
##.# #.#.# #. #.#.# . #.#†# ##
#.#.### ##.....# #†..##.#
#......#.# ...


You could see Sigmund.

Vanquished Creatures
  2 adders (D:2)
  3 dart slugs
  2 ball pythons (D:1)
  4 endoplasms (D:1)
  3 goblins (D:1)
  4 hobgoblins (D:1)
  4 jackals (D:1)
  A kobold (D:1)
  3 quokkas (D:1)
  3 bats (D:1)
  A frilled lizard (D:1)
  7 rats
37 creatures vanquished.

Notes
Turn   | Place    | Note
-------+----------+-------------------------------------------
     0 | D:1      | mopl the Armataur Fighter began the quest for the Orb.
     0 | D:1      | Reached XP level 1. HP: 19/19 MP: 1/1
    46 | D:1      | Reached skill level 2 in Maces & Flails
    59 | D:1      | Reached XP level 2. HP: 10/26 MP: 2/2
   248 | D:1      | Reached skill level 4 in Armour
   396 | D:1      | Reached XP level 3. HP: 32/32 MP: 3/3
   649 | D:1      | Reached skill level 3 in Fighting
   942 | D:2      | Noticed Sigmund
   958 | D:2      | Slain by Sigmund

Illustrated notes

Levels and vault maps discovered:
D:1:      lemuel_arrival_rhombus, layout_loops_cross
D:2:      layout_loops_ring, uniq_sigmund

Skill      XL: |  1  2  3 |
---------------+----------+-----
Maces & Flails | 2 |  2.7
Armour         | 4 |  4.2
Fighting       | 3 |  3.0
Throwing       | |  0.2
Dodging        | |  0.9
Shields        | |  3.2

Action                     || total
---------------------------++-------
  Melee: Flail             ||   121
         Tailslap          ||    10
    Use: Potion            ||     1
 Armour: Scale mail        ||    75
  Dodge: Dodged            ||    46
  Block: Buckler           ||    23

Table legend: (Time is in decaauts)
 A = Elapsed time spent in this place.
 B = Non-inter-level travel time spent in this place.
 C = Inter-level travel time spent in this place.
 D = Time resting spent in this place.
 E = Time spent auto-exploring this place.
 F = Levels seen in this place.
 G = Mean time per level.
                   A        B        C        D        E       F      G
               +--------+--------+--------+--------+--------+-----+--------+
         Total |    995 |    981 |     14 |    120 |    603 |   2 |  497.5 |
       Dungeon |    995 |    981 |     14 |    120 |    603 |   2 |  497.5 |
               +--------+--------+--------+--------+--------+-----+--------+

Top non-repeatable levels by time:
     D:1: 775 daAuts
     D:2: 219 daAuts
